[Event "Titled Tuesday Blitz March 28 Late 2023"]
[White "Babazada, Khazar"]
[Black "Plotnikov, Pavel"]
[WhiteFideId "13413554"]
[BlackFideId "4170342"]
[WhiteElo "2364"]
[BlackElo "2298"]
[Result "0-1"]
[Round "02"]
[TimeControl "180+2"]
[Date "2023.03.28"]
[WhiteClock "0:00:05"]
[BlackClock "0:00:21"]

1. Nf3 e6 2. g3 Nf6 3. Bg2 d5 4. O-O Be7 5. c4 O-O 6. d4 c6 7. Qc2 Nbd7 8. Nc3 a6 9. e4 dxe4 10. Nxe4 Nxe4 11. Qxe4 Nf6 12. Qc2 Qc7 13. b3 Bd7 14. Bb2 Rfd8 15. Rad1 Be8 16. Rfe1 c5 17. dxc5 Bxc5 18. Ng5 Rxd1 19. Rxd1 e5 20. Rd5 Nxd5 21. Qxh7+ Kf8 22. Bxd5 Qb6 23. Qh8+ Ke7 24. Qxg7 Bxf2+ 25. Kg2 Bd4 26. Bxf7 Bxb2 27. Bxe8+ Kd6 28. Ne4+ Ke6 0-1


[Site "https://www.chess.com"]

[Event "Titled Tuesday Blitz March 28 Late 2023"]
[White "Janaszak, Dawid"]
[Black "Rasulov, Vugar"]
[WhiteFideId "1119206"]
[BlackFideId "13402390"]
[WhiteElo "2220"]
[BlackElo "2509"]
[Result "0-1"]
[Round "02"]
[TimeControl "180+2"]
[Date "2023.03.28"]
[WhiteClock "0:00:08"]
[BlackClock "0:01:32"]

1. e4 e5 2. Nf3 Nf6 3. Nc3 Bb4 4. Bc4 O-O 5. d3 d5 6. exd5 Nxd5 7. Bd2 Nxc3 8. bxc3 Bd6 9. Ng5 Bf5 10. h4 h6 11. Nxf7 Rxf7 12. Bxf7+ Kxf7 13. Qf3 Ke6 14. Qxb7 Nd7 15. Qf3 Rb8 16. d4 Qf6 17. Qe2 Kf7 18. g4 Be6 19. g5 Qf5 20. gxh6 gxh6 21. Rg1 exd4 22. cxd4 Bf8 23. Rg3 Bd5 24. Kf1 Nf6 25. Qe5 Qxe5 26. dxe5 Ne4 27. Rf3+ Ke6 28. Be3 Nd2+ 29. Bxd2 Bxf3 30. Re1 h5 31. Re3 Rb1+ 32. Be1 Bd5 33. Rf3 Bxf3 0-1


[Site "https://www.chess.com"]

[Event "Titled Tuesday Blitz March 28 Late 2023"]
[White "Drygalov, Sergey"]
[Black "Zeynalli, Rashad"]
[WhiteFideId "24171743"]
[BlackFideId "13403320"]
[WhiteElo "2533"]
[BlackElo "2125"]
[Result "1-0"]
[Round "02"]
[TimeControl "180+2"]
[Date "2023.03.28"]
[WhiteClock "0:01:12"]
[BlackClock "0:01:06"]

1. d4 Nf6 2. c4 g6 3. Nc3 d5 4. cxd5 Nxd5 5. e4 Nxc3 6. bxc3 Bg7 7. Nf3 c5 8. Be3 O-O 9. Qd2 cxd4 10. cxd4 Nc6 11. Rc1 Bg4 12. d5 Bxf3 13. gxf3 Ne5 14. Be2 Rc8 15. f4 Rxc1+ 16. Qxc1 Nd7 17. O-O Qa5 18. Bf3 f5 19. e5 g5 20. e6 Nf6 21. Qc5 Qxa2 22. fxg5 Ne4 23. Qxe7 Qxd5 24. Rd1 Qb3 25. Rd8 1-0


[Site "https://www.chess.com"]

[Event "Titled Tuesday Blitz March 28 Late 2023"]
[White "Grebeniuk, Semen"]
[Black "Movahed, Sina"]
[WhiteFideId "14117509"]
[BlackFideId "42520835"]
[WhiteElo "2266"]
[BlackElo "2225"]
[Result "0-1"]
[Round "02"]
[TimeControl "180+2"]
[Date "2023.03.28"]
[WhiteClock "0:00:04"]
[BlackClock "0:00:47"]

1. d4 Nf6 2. Nf3 g6 3. Bg5 Bg7 4. c3 O-O 5. Nbd2 h6 6. Bh4 c5 7. e3 d6 8. Be2 b6 9. a4 a6 10. O-O Bb7 11. b4 Nbd7 12. Qb1 Nd5 13. Rc1 Qc7 14. bxc5 bxc5 15. a5 Rfc8 16. Nc4 Rab8 17. Qa2 Bc6 18. e4 N5f6 19. e5 Nd5 20. exd6 exd6 21. Bg3 Bf8 22. Ncd2 cxd4 23. cxd4 Qb7 24. Rab1 Bb5 25. Bc4 Bxc4 26. Nxc4 Rxc4 27. Qxc4 Qxb1 28. Rxb1 Rxb1+ 29. Qf1 Rxf1+ 30. Kxf1 Nb4 31. Nd2 d5 32. Nb3 Nc6 33. Ke2 Bb4 34. Kf3 Nxa5 0-1


[Site "https://www.chess.com"]

[Event "Titled Tuesday Blitz March 28 Late 2023"]
[White "Moussard, Jules"]
[Black "Cori T., Deysi"]
[WhiteFideId "642908"]
[BlackFideId "3801934"]
[WhiteElo "2610"]
[BlackElo "2292"]
[Result "1-0"]
[Round "02"]
[TimeControl "180+2"]
[Date "2023.03.28"]
[WhiteClock "0:00:46"]
[BlackClock "0:00:06"]

1. e4 e6 2. d4 d5 3. exd5 exd5 4. Nf3 c6 5. Bd3 Bd6 6. O-O Ne7 7. Re1 O-O 8. h3 h6 9. Nbd2 Bf5 10. Rxe7 Bxd3 11. Rxb7 Ba6 12. Rb3 Re8 13. Re3 Rxe3 14. fxe3 Qe7 15. Nf1 Nd7 16. b3 Nf6 17. Qe1 Ne4 18. Bb2 Bb4 19. c3 Bd6 20. Rc1 Re8 21. c4 Bb4 22. Qe2 dxc4 23. bxc4 c5 24. d5 Nd6 25. Ne5 Qh4 26. a3 Ba5 27. Nf3 Bxc4 28. Qc2 Qe4 29. Qa4 Bxf1 30. Qxe4 Rxe4 31. Kxf1 Nc4 32. Bd4 Nxe3+ 33. Bxe3 Rxe3 34. Rxc5 Bb6 35. Rc8+ Kh7 36. d6 Rd3 37. Rc6 f6 38. a4 Rd5 39. Ke2 Kg6 40. Nd2 Kf5 41. Nc4 Ke6 42. d7+ Kxd7 43. Rxb6 axb6 44. Nxb6+ Kc6 45. Nxd5 Kxd5 46. Ke3 g5 47. g4 Kc5 48. Ke4 Kb4 49. Kf5 Kxa4 50. Kxf6 Kb5 51. Kg6 Kc6 52. Kxh6 1-0


[Site "https://www.chess.com"]

[Event "Titled Tuesday Blitz March 28 Late 2023"]
[White "Fiorito, Joaquin"]
[Black "Nazari, Arad"]
[WhiteFideId "180173"]
[BlackFideId "12577324"]
[WhiteElo "2157"]
[BlackElo "2313"]
[Result "1-0"]
[Round "02"]
[TimeControl "180+2"]
[Date "2023.03.28"]
[WhiteClock "0:01:49"]
[BlackClock "0:00:12"]

1. d4 Nf6 2. c4 g6 3. Nc3 d5 4. Nf3 Bg7 5. h4 dxc4 6. e4 c5 7. d5 b5 8. h5 O-O 9. hxg6 fxg6 10. Rh4 Ng4 11. Nxb5 Qa5+ 12. Nc3 h5 13. Bd2 Nd7 14. d6 e6 15. Nd5 Qd8 16. Ne7+ Kf7 17. Ng5+ Ke8 18. Nxe6 Qb6 19. Nxg7+ Kf7 20. Rxg4 hxg4 21. Qxg4 Ne5 22. Bxc4+ Kxg7 23. Qh4 Rh8 24. Qg5 Rh1+ 25. Bf1 Rh5 26. Nf5+ Bxf5 27. Qe7+ Nf7 28. Bc3+ Kg8 29. Bc4 Rh7 30. exf5 gxf5 31. O-O-O Qd8 32. Qe6 Qg5+ 33. Kb1 Rf8 34. d7 Rh6 35. Qxf7+ Rxf7 36. d8=Q+ Qxd8 37. Rxd8+ Kh7 38. Bxf7 1-0


[Site "https://www.chess.com"]

[Event "Titled Tuesday Blitz March 28 Late 2023"]
[White "Di Berardino, Diego Rafael"]
[Black "Kovalev, Vladislav"]
[WhiteFideId "2105446"]
[BlackFideId "13504398"]
[WhiteElo "2432"]
[BlackElo "2555"]
[Result "0-1"]
[Round "02"]
[TimeControl "180+2"]
[Date "2023.03.28"]
[WhiteClock "0:00:03"]
[BlackClock "0:00:30"]

1. e4 e5 2. Nf3 Nc6 3. d4 exd4 4. Bc4 Nf6 5. e5 d5 6. Bb5 Nd7 7. O-O Be7 8. Re1 O-O 9. Bxc6 bxc6 10. Nxd4 Nb8 11. Nd2 c5 12. N4f3 Bf5 13. Nf1 Nc6 14. Ng3 Bg6 15. c3 Qd7 16. h3 Rad8 17. Bf4 Rfe8 18. Qa4 Nxe5 19. Qd1 Nd3 20. Ne5 Nxe5 21. Bxe5 c6 22. Qf3 Bd6 23. Bxd6 Qxd6 24. Rad1 h6 25. Re3 Re7 26. Rde1 Rde8 27. Rxe7 Rxe7 28. Rxe7 Qxe7 29. Qe3 Qxe3 30. fxe3 Kf8 31. Kf2 Ke7 32. Ne2 Kd6 33. Ng1 Be4 34. g3 a5 35. a3 a4 36. Ne2 g5 37. h4 Ke5 38. hxg5 hxg5 39. Ng1 Kf5 40. Ne2 Ke5 41. Ng1 f6 42. Ne2 Bf5 43. Kf3 Bc2 44. Kf2 Bd1 45. Nc1 Ke4 46. Ke1 Bg4 47. Kf2 Bh5 48. b3 Bd1 49. bxa4 Bxa4 50. Ke2 Bb5+ 51. Kf2 Bc4 52. a4 g4 53. a5 Ke5 54. Nb3 Kd6 55. Nd2 Bd3 56. e4 Bxe4 57. Nxe4+ dxe4 58. Ke3 f5 59. Kf4 Kc7 0-1


[Site "https://www.chess.com"]

[Event "Titled Tuesday Blitz March 28 Late 2023"]
[White "Bernadskiy, Vitaliy"]
[Black "MKlose11"]
[WhiteFideId "14100371"]
[WhiteElo "2488"]
[BlackElo "2556"]
[Result "1-0"]
[Round "02"]
[TimeControl "180+2"]
[Date "2023.03.28"]
[WhiteClock "0:00:33"]
[BlackClock "0:00:17"]

1. Nf3 Nf6 2. d4 c5 3. d5 b5 4. e4 Nxe4 5. Bd3 Qa5+ 6. c3 Nf6 7. O-O d6 8. Re1 Bb7 9. a4 Bxd5 10. Bxb5+ Bc6 11. Bxc6+ Nxc6 12. Qxd6 Qb6 13. a5 Qb7 14. Qxc5 e6 15. Qg5 h6 16. Qg3 Be7 17. Nbd2 O-O 18. Nc4 Qb5 19. Nce5 Kh8 20. b4 Rac8 21. Bb2 Nxe5 22. Nxe5 Bd6 23. Nxf7+ Rxf7 24. Qxd6 Rd7 25. Qg3 Rd2 26. c4 Qf5 27. Bxf6 Qxf6 28. c5 Rb2 29. Rab1 Rd8 30. h3 Rdd2 31. Rxb2 Qxb2 32. c6 Qxb4 33. c7 Rc2 34. Rxe6 Qb1+ 35. Kh2 Qb7 36. Re8+ Kh7 37. Qd3+ g6 38. Qd7# 1-0


[Site "https://www.chess.com"]

[Event "Titled Tuesday Blitz March 28 Late 2023"]
[White "Bartel, Mateusz"]
[Black "Mendez Fortes, Eduardo Jesus"]
[WhiteFideId "1112635"]
[BlackFideId "3502376"]
[WhiteElo "2521"]
[BlackElo "2307"]
[Result "1-0"]
[Round "02"]
[TimeControl "180+2"]
[Date "2023.03.28"]
[WhiteClock "0:00:19"]
[BlackClock "0:00:08"]

1. e4 e5 2. d4 exd4 3. Nf3 Nc6 4. Nxd4 Nf6 5. Nxc6 bxc6 6. Nd2 d5 7. exd5 cxd5 8. Bb5+ Bd7 9. Bxd7+ Qxd7 10. O-O Be7 11. b3 O-O 12. Bb2 a5 13. a4 c5 14. Qf3 Rfd8 15. Rad1 d4 16. Nc4 Nd5 17. Rfe1 Bd6 18. g3 Bc7 19. Re2 Ra6 20. Rde1 h6 21. Ba3 Rf6 22. Qh5 Rf5 23. Qh4 Nf6 24. Re7 Qc6 25. Qh3 Rfd5 26. Qg2 R8d7 27. R7e2 Qa6 28. Bb2 Qc8 29. Qf3 Rd8 30. Kg2 d3 31. cxd3 Rxd3 32. Re3 Rxe3 33. Rxe3 Nd5 34. Re4 Qb7 35. Rg4 f6 36. Bxf6 Rd7 37. Bb2 Rf7 38. Qe4 h5 39. Qe8+ Kh7 40. Qe4+ Kg8 41. Rh4 g5 42. Qg6+ Kf8 43. Re4 Nf6 44. Bxf6 Qc6 45. Qh6+ Kg8 46. Qh8# 1-0


[Site "https://www.chess.com"]

[Event "Titled Tuesday Blitz March 28 Late 2023"]
[White "Ozates, Tuna"]
[Black "Pichot, Alan"]
[WhiteFideId "6354521"]
[BlackFideId "110973"]
[WhiteElo "2151"]
[BlackElo "2573"]
[Result "1-0"]
[Round "02"]
[TimeControl "180+2"]
[Date "2023.03.28"]
[WhiteClock "0:00:03"]
[BlackClock "0:00:02"]

1. e4 c5 2. Nc3 e6 3. g3 Nc6 4. Bg2 g6 5. d3 Bg7 6. Be3 d6 7. Qd2 h6 8. h4 Nge7 9. h5 g5 10. f4 g4 11. Nge2 Nd4 12. O-O b6 13. Rab1 Bb7 14. Nd1 f5 15. c3 Nf3+ 16. Bxf3 gxf3 17. Rxf3 fxe4 18. Rf1 Nf5 19. Nf2 exd3 20. Qxd3 Bf6 21. g4 Rg8 22. Kh2 Bh4 23. Rg1 Nxe3 24. Qxe3 Bxf2 25. Qxf2 Qf6 26. Kh3 O-O-O 27. a4 Rdf8 28. a5 Ba6 29. axb6 axb6 30. Ra1 Bb7 31. Qe3 Kb8 32. Ra3 e5 33. f5 Qg5 34. Qd3 Rf6 35. Rb3 d5 36. c4 e4 37. Qg3+ Kc8 38. cxd5 Bxd5 39. Ra3 Rxf5 40. Rd1 Rf3 41. Rxf3 exf3 42. Nf4 Be4 43. Ne6 Qe7 44. Qe5 Bc6 45. Rd6 f2 46. Rxc6+ Kb7 47. Rc7+ Ka6 48. Rxe7 f1=Q+ 49. Kh4 Qh1+ 50. Kg3 Qg1+ 51. Kf3 Qxg4+ 52. Ke3 Qg1+ 53. Ke4 1-0


[Site "https://www.chess.com"]

[Event "Titled Tuesday Blitz March 28 Late 2023"]
[White "Klenburg, Michael"]
[Black "Pakleza, Zbigniew"]
[WhiteFideId "14102072"]
[BlackFideId "1119290"]
[WhiteElo "2396"]
[BlackElo "2410"]
[Result "0-1"]
[Round "02"]
[TimeControl "180+2"]
[Date "2023.03.28"]
[WhiteClock "0:00:01"]
[BlackClock "0:00:02"]

1. e4 d6 2. d4 Nf6 3. Nc3 c6 4. f3 Qb6 5. Nge2 e5 6. g4 Nbd7 7. h4 Be7 8. h5 h6 9. Rb1 Nh7 10. Be3 Bg5 11. Qd2 Ndf6 12. Bg2 Bxe3 13. Qxe3 Ng5 14. O-O Be6 15. Qf2 O-O-O 16. Rfd1 Kb8 17. a3 Rhe8 18. dxe5 dxe5 19. Qxb6 axb6 20. Rxd8+ Rxd8 21. Rd1 Rf8 22. Kf2 Kc7 23. Ke3 b5 24. Ng3 Nd7 25. Bf1 Nf6 26. Be2 Ra8 27. Rd2 Nd7 28. Rd1 Nb6 29. Rb1 Nh3 30. Nf5 Bxf5 31. exf5 Nf4 32. Bf1 Nbd5+ 33. Nxd5+ Nxd5+ 34. Kf2 Rd8 35. Rd1 f6 36. Be2 Ra8 37. c4 bxc4 38. Bxc4 Nf4 39. Bb3 Rd8 40. Rxd8 Kxd8 41. Ke3 Kc7 42. Ke4 b5 43. Ke3 Kd6 44. Ke4 Kc5 45. Ke3 Nh3 46. Ke4 Ng5+ 47. Ke3 Kb6 48. Ke2 Ka5 49. Ke3 Nh3 50. Ke4 Nf4 51. Ke3 c5 52. Bf7 b4 53. axb4+ Kxb4 54. Kd2 c4 55. Kc2 Nd3 56. Bd5 Kc5 57. Be4 Nb4+ 58. Kd2 Kd4 59. Bb7 Na2 60. Kc2 Ke3 0-1


[Site "https://www.chess.com"]

[Event "Titled Tuesday Blitz March 28 Late 2023"]
[White "Bilan, Danila"]
[Black "Van Foreest, Lucas"]
[WhiteFideId "24161918"]
[BlackFideId "1039792"]
[WhiteElo "2182"]
[BlackElo "2519"]
[Result "0-1"]
[Round "02"]
[TimeControl "180+2"]
[Date "2023.03.28"]
[WhiteClock "0:00:11"]
[BlackClock "0:02:14"]

1. d4 g5 2. Bxg5 Bg7 3. c3 c5 4. e3 cxd4 5. exd4 d5 6. Nd2 Nc6 7. Ngf3 Bf5 8. Be2 Nf6 9. O-O O-O 10. Re1 Bg6 11. Nh4 Re8 12. Nxg6 hxg6 13. Nf3 Ne4 14. Bf4 e6 15. Bd3 f5 16. Bxe4 dxe4 17. Ne5 Nxe5 18. Bxe5 Bxe5 19. dxe5 Qd5 20. f3 Qxe5 21. fxe4 Rad8 22. Qe2 f4 23. Qg4 Kg7 24. Rad1 a5 25. Qh4 g5 26. Qg4 Rh8 27. Rxd8 Rxd8 28. h4 Rd2 29. hxg5 Qc5+ 30. Kh1 Rd8 31. g3 Qf2 0-1


[Site "https://www.chess.com"]

[Event "Titled Tuesday Blitz March 28 Late 2023"]
[White "Timmermans, Mark"]
[Black "cryptoguru02"]
[WhiteFideId "1026399"]
[WhiteElo "2460"]
[BlackElo "2547"]
[Result "1-0"]
[Round "02"]
[TimeControl "180+2"]
[Date "2023.03.28"]
[WhiteClock "0:01:43"]
[BlackClock "0:00:35"]

1. e4 e5 2. Nf3 Nc6 3. c3 d5 4. Bb5 f6 5. Qa4 Ne7 6. exd5 Qxd5 7. O-O a6 8. Na3 Bd7 9. Bc4 Qc5 10. b4 Qa7 11. Qb3 Nf5 12. Bf7+ Kd8 13. Be6 Bd6 14. Nc2 Re8 15. Bxd7 Kxd7 16. d3 Re7 17. Ne3 Nxe3 18. Bxe3 Qb8 19. a4 Qg8 20. Qc2 g5 21. b5 Nd8 22. d4 g4 23. Nh4 Ne6 24. d5 Nc5 25. Nf5 Ree8 26. Nxd6 cxd6 27. Qf5+ Kc7 28. Bxc5 dxc5 29. d6+ Kxd6 30. Rfd1+ Kc7 31. Qd7+ Kb8 32. b6 1-0


[Site "https://www.chess.com"]

[Event "Titled Tuesday Blitz March 28 Late 2023"]
[White "Pert, Richard G"]
[Black "Perez Ponsa, Federico"]
[WhiteFideId "404748"]
[BlackFideId "117927"]
[WhiteElo "2441"]
[BlackElo "2592"]
[Result "0-1"]
[Round "02"]
[TimeControl "180+2"]
[Date "2023.03.28"]
[WhiteClock "0:00:03"]
[BlackClock "0:00:08"]

1. d4 Nf6 2. Bg5 c5 3. Nc3 cxd4 4. Qxd4 Nc6 5. Qh4 d6 6. e4 Be6 7. O-O-O Rc8 8. a3 Qa5 9. Nf3 a6 10. Kb1 b5 11. Nd5 b4 12. axb4 Nxb4 13. Nxb4 Qxb4 14. Bxf6 gxf6 15. Nd4 Rb8 16. b3 Bd7 17. Qg3 a5 18. Ka2 a4 19. Bc4 Ra8 20. Kb1 Qa3 21. Nb5 Qc5 22. Qe3 Qxe3 23. fxe3 Ra5 24. Nc7+ Kd8 25. Nd5 axb3 26. cxb3 Bg7 27. Kc2 f5 28. b4 Ra3 29. Rd3 Rxd3 30. Bxd3 fxe4 31. Bxe4 e6 32. Nb6 d5 33. Bd3 Kc7 34. Nxd7 Kxd7 35. Kb3 Rc8 36. Rd1 Kd6 37. h4 f5 38. h5 h6 39. g3 Be5 40. b5 Bxg3 41. Rd2 Be5 42. Rc2 Rxc2 43. Kxc2 Kc5 44. Kd2 Bf6 45. Ke2 Bg5 46. Kf3 Kd6 47. Be2 e5 48. Bf1 e4+ 49. Ke2 Bd8 50. Bh3 Ke5 51. Bg2 Bb6 52. Bh3 f4 53. exf4+ Kxf4 54. Be6 d4 55. Bc4 Kg5 56. Bf7 d3+ 57. Kd2 Kf4 58. Bc4 Ba5+ 59. Kd1 Ke5 60. Kc1 Kd4 61. Be6 e3 62. Bg4 e2 63. Kb2 e1=Q 0-1


[Site "https://www.chess.com"]

[Event "Titled Tuesday Blitz March 28 Late 2023"]
[White "Urazayev, Arystanbek"]
[Black "Defend1r"]
[WhiteFideId "13709810"]
[WhiteElo "2479"]
[BlackElo "2545"]
[Result "1/2-1/2"]
[Round "02"]
[TimeControl "180+2"]
[Date "2023.03.28"]
[WhiteClock "0:00:02"]
[BlackClock "0:00:10"]

1. e4 c5 2. Nf3 d6 3. d4 cxd4 4. Nxd4 Nf6 5. Nc3 a6 6. Be2 e5 7. Nb3 Be7 8. h4 Be6 9. f4 exf4 10. Bxf4 d5 11. Nd4 Nxe4 12. Nxe4 dxe4 13. Nxe6 fxe6 14. Qxd8+ Bxd8 15. Bc4 Nc6 16. O-O-O e5 17. Be3 Be7 18. Bd5 Rd8 19. Bxe4 Rxd1+ 20. Kxd1 h6 21. c3 Rf8 22. Ke2 Kd7 23. g4 Kc7 24. g5 hxg5 25. hxg5 Nd8 26. Bd5 Kd6 27. Bb3 Rf5 28. Rg1 b5 29. a4 e4 30. Bc2 Ke5 31. Rg4 Ne6 32. Rxe4+ Kd6 33. axb5 axb5 34. Bd3 Bxg5 35. Bxg5 Rxg5 36. Rb4 Kc6 37. Be4+ Kc5 38. Bf3 Re5+ 39. Kd2 g5 40. Be2 Kc6 41. Rg4 Nf4 42. Bf3+ Kc5 43. Rg1 b4 44. Ra1 bxc3+ 45. bxc3 Kd6 46. Ra6+ Ke7 47. c4 Ne6 48. Bd5 Nf4 49. Bb7 g4 50. Kc3 g3 51. Kd4 Re1 52. Ra7 Kf6 53. Ra6+ Kg5 54. Ra8 Ng6 55. c5 Rd1+ 56. Kc3 Rc1+ 57. Kd4 Rd1+ 58. Ke3 Rc1 59. Ra5 Kg4 60. Bf3+ Kh3 61. c6 Nh4 62. Be4 g2 63. Bxg2+ Nxg2+ 64. Kf2 Rc2+ 65. Kf3 Rc3+ 66. Kf2 Rxc6 67. Rh5+ Nh4 68. Ra5 Kg4 69. Ke3 Nf5+ 70. Ke4 Re6+ 71. Kd5 Re1 72. Ra4+ Kg5 73. Ra8 Rd1+ 74. Ke4 Re1+ 75. Kd5 Kf4 76. Ra4+ Kf3 77. Ra8 Ne3+ 78. Kd4 Rd1+ 79. Ke5 Rd5+ 80. Ke6 Rc5 81. Kd6 Rg5 82. Ke6 Ke4 83. Ra4+ Kd3 84. Ra8 Nc4 85. Kf6 Rd5 86. Ra1 Ke4 87. Ke6 Re5+ 88. Kf6 Rc5 89. Ke6 Ne3 90. Ra4+ Nc4 91. Ra1 Rc6+ 92. Kd7 Rd6+ 93. Kc7 Rg6 94. Rh1 Kd5 95. Rd1+ Kc5 96. Rc1 Rg7+ 97. Kc8 Kd5 98. Kd8 Ne5 99. Rd1+ Kc6 100. Ke8 Nd7 101. Rc1+ Nc5 102. Kf8 Rd7 103. Ke8 Rb7 104. Kf8 Kd6 105. Rd1+ Ke5 106. Re1+ Ne4 107. Ke8 Kd5 108. Kf8 Nd6 109. Rd1+ Ke6 110. Kg8 Nf5 111. Ra1 Kf6 112. Ra6+ Kg5 113. Kf8 Ng7 114. Kg8 Kf5 115. Kf8 Ne6+ 116. Ke8 Kf6 1/2-1/2


[Site "https://www.chess.com"]

[Event "Titled Tuesday Blitz March 28 Late 2023"]
[White "Belov, Alexei"]
[Black "Ozen, Bahadir"]
[WhiteFideId "4128206"]
[BlackFideId "6337058"]
[WhiteElo "2544"]
[BlackElo "2503"]
[Result "0-1"]
[Round "02"]
[TimeControl "180+2"]
[Date "2023.03.28"]
[WhiteClock "0:01:28"]
[BlackClock "0:01:58"]

1. e4 h6 2. d4 e6 3. Nf3 d5 4. Nbd2 Nf6 5. Bd3 c5 6. c3 dxe4 7. Nxe4 Nbd7 8. O-O Nxe4 9. Bxe4 Nf6 10. Bc2 Bd6 11. dxc5 Bxc5 12. Qxd8+ Kxd8 13. Rd1+ Ke7 14. h3 Bd6 15. Be3 b6 16. Bd4 Bb7 17. Be5 Rhd8 18. Bxd6+ Rxd6 19. Rxd6 Kxd6 20. Rd1+ Ke7 21. Ne5 Rc8 22. c4 Rc5 23. f4 g5 24. b4 Rc8 25. fxg5 hxg5 26. Kf2 a5 27. bxa5 Rc5 28. Re1 Rxa5 29. Bb3 Ne4+ 30. Rxe4 Bxe4 31. Bc2 Rxe5 0-1


[Site "https://www.chess.com"]

[Event "Titled Tuesday Blitz March 28 Late 2023"]
[White "Corrales Jimenez, Fidel"]
[Black "Ibadov, Dashgyn"]
[WhiteFideId "3506690"]
[BlackFideId "24107514"]
[WhiteElo "2541"]
[BlackElo "2208"]
[Result "1-0"]
[Round "02"]
[TimeControl "180+2"]
[Date "2023.03.28"]
[WhiteClock "0:00:45"]
[BlackClock "0:00:02"]

1. c4 Nf6 2. g3 e6 3. Bg2 d5 4. Nf3 d4 5. O-O Nc6 6. e3 e5 7. exd4 exd4 8. Re1+ Be7 9. b4 O-O 10. b5 Na5 11. d3 c6 12. a4 cxb5 13. axb5 a6 14. Rxe7 Qxe7 15. Rxa5 Re8 16. bxa6 Rxa6 17. Rxa6 bxa6 18. Bg5 Bb7 19. Nbd2 h6 20. Bxf6 Qxf6 21. h3 Qf5 22. Bf1 Qf6 23. Bg2 Qf5 24. Qb3 Ba8 25. Nxd4 Qd7 26. Bxa8 Rxa8 27. N2f3 Qxh3 28. c5 a5 29. Qd5 Rb8 30. Qe5 Rb1+ 31. Ne1 a4 32. Nc2 Kh7 33. d4 Qc8 34. Qe4+ f5 35. Qe3 Rb3 36. Qc1 Qa8 37. Na1 Rb4 38. Nec2 Rc4 39. Qf1 Rc3 40. Qe1 Rd3 41. Qe2 Rc3 42. Qd2 Rc4 43. Ne3 1-0


[Site "https://www.chess.com"]

[Event "Titled Tuesday Blitz March 28 Late 2023"]
[White "Gorodetzky, David"]
[Black "Dobre, Claudiu-Cristian"]
[WhiteFideId "2813416"]
[BlackFideId "1211854"]
[WhiteElo "2484"]
[BlackElo "2207"]
[Result "1-0"]
[Round "02"]
[TimeControl "180+2"]
[Date "2023.03.28"]
[WhiteClock "0:02:04"]
[BlackClock "0:00:01"]

1. d4 f5 2. Nf3 Nf6 3. g3 g6 4. Bg2 Bg7 5. O-O O-O 6. Nbd2 d6 7. c3 Nc6 8. Qb3+ d5 9. a4 a5 10. Ne5 e6 11. Ndf3 Nxe5 12. Nxe5 Nd7 13. Nd3 b6 14. Bxd5 Nc5 15. dxc5 Qxd5 16. Qxd5 exd5 17. cxb6 cxb6 18. Be3 Ba6 19. Rfd1 Bc4 20. Bxb6 Rfb8 21. Bc5 Bxd3 22. Rxd3 Rxb2 23. e3 Rb3 24. Rxd5 Rxc3 25. Rb1 Rc8 26. Be7 R8c7 27. Rb8+ Kf7 28. Bd8 Ra7 29. Rxa5 Rxa5 30. Bxa5 Rc1+ 31. Kg2 Be5 32. Rb5 Ke6 33. Bb6 Bc3 34. Rc5 Bd2 35. Rxc1 Bxc1 36. a5 Kd5 37. a6 Kc6 38. Bd4 g5 39. Kf3 Bd2 40. g4 fxg4+ 41. Kxg4 Be1 42. f3 h6 43. Kh5 Bf2 44. Kxh6 Bg1 45. h3 1-0


[Site "https://www.chess.com"]

[Event "Titled Tuesday Blitz March 28 Late 2023"]
[White "Zhang, Derek"]
[Black "Raja Rithvik R"]
[WhiteFideId "2087871"]
[BlackFideId "35007394"]
[WhiteElo "2087"]
[BlackElo "2402"]
[Result "1-0"]
[Round "02"]
[TimeControl "180+2"]
[Date "2023.03.28"]
[WhiteClock "0:01:28"]
[BlackClock "0:02:11"]

1. Nf3 d5 2. c4 d4 3. b4 f6 4. e3 e5 5. c5 a5 6. Nxe5 fxe5 7. Qh5+ Ke7 8. Qxe5+ Kf7 9. Bc4+ Kg6 10. h4 h5 11. Qg3+ Kh6 12. Qf4+ g5 13. hxg5+ Kg7 14. Bb2 1-0


[Site "https://www.chess.com"]

[Event "Titled Tuesday Blitz March 28 Late 2023"]
[White "Melkumyan, Hrant"]
[Black "Hajiyev, Kanan"]
[WhiteFideId "13302485"]
[BlackFideId "13404148"]
[WhiteElo "2604"]
[BlackElo "2103"]
[Result "1-0"]
[Round "02"]
[TimeControl "180+2"]
[Date "2023.03.28"]
[WhiteClock "0:01:38"]
[BlackClock "0:00:01"]

1. d4 d5 2. c4 e6 3. Nc3 Nf6 4. cxd5 exd5 5. Bg5 c6 6. e3 Be7 7. Bd3 O-O 8. Qc2 h6 9. Bf4 Re8 10. h3 Bd6 11. Nge2 Bxf4 12. Nxf4 Nbd7 13. O-O Nf8 14. b4 a6 15. a4 Ne6 16. Nce2 Nxf4 17. Nxf4 Ne4 18. Rfc1 Bd7 19. b5 axb5 20. axb5 Rxa1 21. Rxa1 Qb6 22. bxc6 bxc6 23. Qb1 Qc7 24. Qc1 Rc8 25. Qa3 Nd6 26. Qc5 Nb7 27. Qe7 Qd6 28. Qxd6 Nxd6 29. Ra7 Be8 30. g4 Rd8 31. Kg2 g6 32. h4 Rc8 33. g5 hxg5 34. hxg5 Rd8 35. Kg3 Rd7 36. Ra8 Kg7 37. Ra6 Re7 38. Nxd5 Rd7 39. Nf6 Rc7 40. Ra8 Re7 41. e4 1-0


[Site "https://www.chess.com"]

[Event "Titled Tuesday Blitz March 28 Late 2023"]
[White "Albornoz Cabrera, Carlos Daniel"]
[Black "Ahn, Hongjin"]
[WhiteFideId "3518736"]
[BlackFideId "13201492"]
[WhiteElo "2501"]
[BlackElo "2182"]
[Result "1-0"]
[Round "02"]
[TimeControl "180+2"]
[Date "2023.03.28"]
[WhiteClock "0:00:37"]
[BlackClock "0:00:02"]

1. e4 c5 2. Nf3 Nf6 3. Nc3 d5 4. exd5 Nxd5 5. Bb5+ Bd7 6. Ne5 Bxb5 7. Qf3 Nf6 8. Qxb7 Bd7 9. Qxa8 e6 10. Nxd7 Nfxd7 11. O-O Bd6 12. Qf3 O-O 13. d3 Ne5 14. Qe2 Nbc6 15. Be3 Nd4 16. Bxd4 cxd4 17. Ne4 Bc7 18. Nd2 Ng6 19. g3 e5 20. c3 dxc3 21. bxc3 f5 22. Nc4 Qg5 23. Rab1 h5 24. Rb7 Rf7 25. Ne3 Nf4 26. Qf3 h4 27. Nd5 e4 28. dxe4 fxe4 29. Qxe4 Nxd5 30. Qe8+ Rf8 31. Qe6+ Kh8 32. c4 hxg3 33. Qxd5 gxf2+ 34. Kh1 Rf5 35. Qg2 Qf4 36. Rxc7 Qxc7 37. Qh3+ Kg8 38. Qxf5 Qc6+ 39. Qd5+ Qxd5+ 40. cxd5 1-0


[Site "https://www.chess.com"]

[Event "Titled Tuesday Blitz March 28 Late 2023"]
[White "angelgab3"]
[Black "Riehle, Marco"]
[BlackFideId "12904392"]
[WhiteElo "2527"]
[BlackElo "2462"]
[Result "1/2-1/2"]
[Round "02"]
[TimeControl "180+2"]
[Date "2023.03.28"]
[WhiteClock "0:00:15"]
[BlackClock "0:01:07"]

1. e4 e5 2. Nf3 Nf6 3. Nxe5 Nxe4 4. Qe2 Qe7 5. Qxe4 d6 6. d4 dxe5 7. dxe5 Nc6 8. Bb5 Bd7 9. O-O O-O-O 10. Rd1 Nxe5 11. Bxd7+ Rxd7 12. Rxd7 Nxd7 13. Qxe7 Bxe7 14. Be3 Bf6 15. c3 Ne5 16. Nd2 Rd8 17. Kf1 Ng4 18. Ke2 Nxe3 19. fxe3 Be5 20. Rf1 f6 21. Nc4 Re8 22. h3 b5 23. Nxe5 Rxe5 24. Rd1 c5 25. Kf3 Kc7 26. e4 a5 27. b3 Re6 28. Rd5 Kc6 29. g4 Rd6 30. c4 Re6 31. Kf4 Re7 32. h4 bxc4 33. bxc4 Rb7 34. Rd8 Rb4 35. Rc8+ Kd6 36. Rd8+ Ke7 37. Ra8 a4 38. Ra7+ Kf8 39. h5 Rxc4 40. Ra8+ Kf7 41. Ra7+ Ke6 42. Rxg7 Rc2 43. Rc7 Rf2+ 44. Ke3 Rxa2 45. Rxc5 a3 46. Ra5 Ra1 47. Ra6+ Kf7 48. Kf2 a2 49. Kg2 h6 50. Kh2 Ke7 51. Kg2 Kd7 52. Kh2 Kc7 53. e5 fxe5 54. g5 hxg5 55. h6 Rf1 56. h7 Rf8 57. Rxa2 Rh8 58. Kg3 Kd6 59. Ra7 e4 60. Kg4 Ke5 61. Kxg5 e3 62. Re7+ Kd4 63. Kf4 Rf8+ 64. Kg3 Kd3 65. Rd7+ Kc3 66. Kg4 e2 67. Re7 Kd2 68. Kg5 Rh8 69. Kg6 Rxh7 70. Kxh7 e1=Q 71. Rxe1 Kxe1 1/2-1/2


[Site "https://www.chess.com"]